 Dungeon Crawl Stone Soup version 0.28.0-47-ge53b351184 (webtiles) character file.

Game seed: 8337148540540454145

16 Zeld the Sneak (level 2, -3/27 HPs)
             Began as a Hill Orc Delver on May 10, 2022.
             Slain by an elf zombie (4 damage)
             ... on level 5 of the Dungeon.
             The game lasted 00:00:49 (145 turns).

Zeld the Sneak (Hill Orc Delver)                     Turns: 145, Time: 00:00:49

Health: -3/27      AC:  3    Str: 14    XL:     2   Next: 54%
Magic:  2/2        EV: 11    Int: 10    God:
Gold:   0          SH:  0    Dex: 12    Spells: 1/1 levels left

rFire   . . .      SeeInvis .   a - +0 hand axe
rCold   . . .      Faith    .   (no shield)
rNeg    . . .      Spirit   .   b - +0 leather armour
rPois   .          Reflect  .   (no helmet)
rElec   .          Harm     .   (no cloak)
rCorr   .          Rampage  .   (no gloves)
Will    .....                   (no boots)
Stlth   ++........              (no amulet)
HPRegen 0.09/turn               (no ring)
MPRegen 0.08/turn               (no ring)

@: no status effects
A: no striking features
a: no special abilities


You were on level 5 of the Dungeon.
You visited 1 branch of the dungeon, and saw 1 of its levels.

Inventory:

Hand Weapons
 a - a +0 hand axe (weapon)
Armour
 b - a +0 leather armour (worn)
Wands
 g - a wand of digging (3)
Scrolls
 c - a scroll of fog
 d - a scroll of amnesia {unknown}
 e - a scroll of fear
 h - a scroll of blinking {unknown}
Potions
 f - a potion of haste


   Skills:
 * Level 3.9 Fighting
 * Level 3.1 Axes
 + Level 0.5 Armour
 + Level 1.7 Dodging
 - Level 4.1 Stealth
 * Level 0.8 Evocations


You had one spell level left.
You didn't know any spells.
Your spell library was empty.

Dungeon Overview and Level Annotations

Branches:
Dungeon (5/15)             Temple (0/1) D:5

Altars:

Portals:
Ossuary: D:5


Message History

You closely miss the elf zombie.
The elf zombie is lightly damaged.
You hit the elf zombie.
The elf zombie is lightly damaged.
The elf zombie hits you.
* * * LOW HITPOINT WARNING * * *
You hit the elf zombie.
The elf zombie is lightly damaged.
The elf zombie hits you.
* * * LOW HITPOINT WARNING * * *
You hit the elf zombie.
The elf zombie is moderately damaged.
The elf zombie hits you.
* * * LOW HITPOINT WARNING * * *
You hit the elf zombie.
The elf zombie is moderately damaged.
The elf zombie closely misses you.
You hit the elf zombie.
The elf zombie is moderately damaged.
The elf zombie hits you but does no damage.
Unknown command.
You closely miss the elf zombie.
The elf zombie is moderately damaged.
The elf zombie hits you.
* * * LOW HITPOINT WARNING * * *
Unknown command.
Unknown command.
You closely miss the elf zombie.
The elf zombie is moderately damaged.
The elf zombie completely misses you.
Unknown command.
You barely miss the elf zombie.
The elf zombie is moderately damaged.
The elf zombie hits you.
* * * LOW HITPOINT WARNING * * *
Unknown command.
You barely miss the elf zombie.
The elf zombie is moderately damaged.
The elf zombie hits you.
You die...

### #.### ###
#######***######...## #..
#.'...#,+,#..,,.!#..# #..
#.###'#+#*#.#*##...#* #..
#.#,+...+,#.###...#####..
#.#*#...###.#...#.##.....
#.#,+...@Z#.....#........
#.#+#+#+###...#......#...
#.#,*,*,+,#...#.##.#.##.#
#.#########.....!.##.....
#.................##.....
##########...............
###.............
#.............
#..........##.


You could see an elf zombie.

Vanquished Creatures
  A hound zombie (D:5)
  An orc skeleton (D:5)
2 creatures vanquished.

Notes
Turn   | Place    | Note
-------+----------+-------------------------------------------
     0 | D:5      | Zeld the Hill Orc Delver began the quest for the Orb.
     0 | D:5      | Reached XP level 1. HP: 19/19 MP: 1/1
    84 | D:5      | Reached XP level 2. HP: 8/27 MP: 2/2
   129 | D:5      | Found a sand-covered staircase.
   144 | D:5      | HP: 1/27 [elf zombie (2)]
   145 | D:5      | Slain by an elf zombie

Illustrated notes

Levels and vault maps discovered:
D:5:      layout_cave_pools, minmay_temple_entry_steel_oval,
          nicolae_ossuary_entry_catacombs

Skill      XL: |  1 |
---------------+----+-----
Axes           | 3 |  3.1
Fighting       | |  3.9
Armour         | |  0.5
Dodging        | |  1.7
Stealth        | |  4.1
Evocations     | |  0.8

Action                   || total
-------------------------++-------
Melee: Hand axe          ||    27
  Use: Scroll            ||     1
 Stab: Sleeping          ||     1
Armor: Leather armour    ||     9
Dodge: Dodged            ||    15
